Map: Ice and Chrome LE

Players

free

  • Race: Zerg Zerg
  • League: Diamond
  • Spawn Location: 7:00

ByeMouse - Winner!

  • Race: Terran Terran
  • League: Diamond
  • Spawn Location: 1:00

VOD

Have the link to the VOD?

Description

Time

  • Played on: July 5, 2020, 6:07 p.m.
  • Length: 16:02
Show
View Real Time Build Order
Export as new Build Order

free Zerg 

Build Orders: Hatch First 

Get SALT Encoding   

  12  0:02  Drone  
  13  0:13  Overlord  
  13  0:19  Drone  
  14  0:31  Drone x2  
  16  0:49  Hatchery  
  15  0:54  Drone  
  15  0:56  Drone  
  17  0:59  Drone  
  18  1:09  Extractor  
  17  1:15  Spawning Pool  
  16  1:20  Drone  
  16  1:22  Drone  
  18  1:28  Drone  
  19  1:41  Drone  
  20  1:59  Overlord  
  20  2:05  Queen x2  
  20  2:07  Zergling x4  
  26  2:20  Drone  
  26  2:21  Drone  
  27  2:38  Hatchery  
  27  2:40  Spore Crawler  
  27  2:42  Spore Crawler  
  24  2:58  Drone x6  
  31  3:13  Queen  
  31  3:14  Overlord  
  31  3:15  Drone  
  34  3:20  Metabolic Boost  
  34  3:23  Drone x2  
  34  3:24  Overlord  
  36  3:34  Drone x5  
  41  3:36  Drone  
  42  3:49  Overlord, Queen  
  42  3:50  Drone x3  
  47  3:57  Drone x3  
  50  4:07  Drone x5  
  55  4:21  Queen  
  55  4:22  Overlord x2  
  55  4:23  Drone x4  
  61  4:31  Queen  
  61  4:35  Lair  
  63  4:46  Roach Warren  
  63  4:51  Overlord  
  63  4:52  Overlord x3  
  62  4:53  Overlord  
  55  5:12  Zergling x8  
  55  5:13  Zergling x2  
  50  5:21  Drone x6  
  50  5:25  Queen, Drone x5  
  58  5:35  Drone x5  
  63  5:36  Drone  
  64  5:44  Drone  
  65  5:51  Overseer  
  65  5:56  Drone x4  
  69  5:59  Extractor  
  69  6:02  Zergling x4, Extractor  
  69  6:03  Zergling x4, Extractor  
  70  6:07  Queen  
  70  6:08  Drone x3  
  70  6:09  Drone  
  70  6:11  Drone  
  77  6:13  Drone  
  78  6:23  Drone x2  
  78  6:24  Glial Reconstitution  
  80  6:28  Drone x2  
  80  6:32  Queen  
  84  6:42  Drone  
  84  6:43  Drone x3  
  84  6:45  Extractor  
  84  6:47  Extractor  
  86  6:55  Drone x7  
  93  7:02  Evolution Chamber x2  
  93  7:05  Drone x3  
  93  7:06  Baneling Nest  
  93  7:07  Drone x3  
  95  7:30  Hatchery  
  95  7:32  Hatchery  
  95  7:33  Zergling x8  
  90  8:02  Spore Crawler  
  89  8:12  Spore Crawler  
  88  8:13  Overlord x5  
  88  8:14  Overlord, Overseer x2  
  88  8:15  Pneumatized Carapace  
  84  8:24  Burrow  
  84  8:26  Overlord  
  84  8:27  Overlord x3, Centrifical Hooks  
  84  8:29  Zerg Melee Weapons Level 1  
  84  8:30  Zerg Ground Armor Level 1  
  84  8:31  Queen  
  86  8:36  Zergling x28  
  86  8:37  Zergling x8  
  104  8:45  Zergling x2, Extractor  
  104  8:46  Zergling x2  
  105  8:50  Extractor  
  99  8:58  Queen, Baneling x2  
  99  8:59  Baneling x3  
  99  9:06  Queen  
  93  9:10  Baneling x2  
  93  9:11  Baneling x2  
  93  9:12  Zergling x28  
  93  9:16  Queen  
  109  9:20  Zergling x10  
  109  9:21  Zergling x2  
  109  9:22  Baneling x2  
  115  9:27  Overseer x2  
  115  9:31  Zergling x12  
  116  9:34  Queen x2, Baneling x3  
  116  9:35  Baneling x4  
  126  9:38  Drone x3  
  126  9:39  Drone x3  
  118  9:48  Zergling x2  
  118  9:49  Zergling x8  
  109  10:02  Zergling x22  
  109  10:03  Zergling x2  
  119  10:09  Zergling x8  
  119  10:10  Baneling  
  119  10:11  Baneling x6  
  123  10:15  Zergling x2  
  123  10:16  Zergling x4  
  123  10:21  Baneling x2  
  126  10:22  Zergling x12  
  115  10:39  Zergling x18  
  118  10:44  Zergling x6  
  111  11:00  Zergling x28  
  111  11:03  Zerg Melee Weapons Level 2  
  111  11:04  Zerg Ground Armor Level 2  
  125  11:09  Spire  
  125  11:11  Queen, Drone x6  
  132  11:20  Zergling x2  
  132  11:21  Zergling x22  
  144  11:28  Baneling  
  144  11:32  Zergling x10  
  149  11:33  Zergling x2, Overlord x2  
  150  11:48  Overlord x3  
  116  12:04  Zergling x24  
  116  12:05  Zergling x16  
  136  12:11  Zergling x8  
  134  12:16  Overlord  
  134  12:17  Overlord x2  
  134  12:27  Zergling x2  
  134  12:28  Zergling x18  
  141  12:33  Infestation Pit, Drone  
  141  12:34  Drone x5  
  141  12:44  Hatchery  
  140  12:54  Zergling x2  
  140  12:55  Zergling x28  
  150  13:03  Baneling x9  
  150  13:05  Zergling x14  
  128  13:20  Baneling  
  128  13:21  Zergling x2, Baneling x9  
  128  13:22  Zergling x18  
  137  13:29  Zergling x2  
  137  13:30  Zergling x12  
  137  13:33  Hive  
  143  13:38  Mutalisk x2  
  143  13:39  Mutalisk x2  
  143  13:40  Mutalisk  
  153  13:46  Mutalisk  
  153  13:47  Mutalisk x2  
  159  13:49  Baneling x4  
  150  13:56  Overseer x3  
  150  14:01  Baneling x13  
  150  14:09  Zergling x16  
  122  14:18  Zergling x16  
  125  14:30  Zergling x4  
  125  14:31  Zergling x14  
  116  14:39  Drone x6  
  114  14:50  Zergling x2  
  114  14:51  Zergling x12  
  102  15:06  Zergling x8  
  102  15:07  Zergling x16  
  108  15:09  Zergling x2  
  110  15:19  Mutalisk x3  
  110  15:21  Mutalisk  
  116  15:24  Baneling  
  116  15:25  Baneling x3  
  116  15:26  Baneling  
  115  15:31  Baneling x3  
  115  15:32  Baneling x5  
  95  15:43  Zergling x2  
  95  15:44  Zergling x16  
  95  15:48  Overseer x2  
Show
View Real Time Build Order
Export as new Build Order

ByeMouse Terran - Winner!

Build Orders: Liberator Opening, Reaper Expand 

Get SALT Encoding   

  12  0:01  SCV  
  13  0:13  SCV  
  14  0:17  Supply Depot  
  14  0:25  SCV  
  15  0:39  SCV  
  15  0:40  Barracks  
  16  0:46  Refinery  
  16  0:51  SCV  
  17  1:03  SCV  
  18  1:15  SCV  
  19  1:28  Orbital Command  
  19  1:29  Reaper  
  20  1:44  Command Center  
  20  1:52  Supply Depot  
  20  1:54  SCV  
  20  2:00  Marine  
  22  2:08  Factory  
  22  2:10  SCV  
  23  2:15  Refinery  
  23  2:23  Barracks Reactor  
  23  2:28  SCV  
  24  2:40  SCV  
  24  2:52  SCV  
  24  2:55  Starport  
  24  2:56  Orbital Command  
  25  3:04  SCV  
  26  3:15  Hellion x2  
  26  3:18  SCV  
  26  3:19  Barracks Tech Lab  
  31  3:29  SCV  
  31  3:31  Supply Depot  
  31  3:33  Liberator  
  35  3:35  SCV  
  35  3:36  Hellion x2  
  40  3:43  SCV  
  41  3:54  SCV  
  42  3:55  Supply Depot  
  42  3:58  Hellion x2, Marine  
  42  4:00  Stimpack  
  47  4:05  SCV  
  47  4:06  SCV  
  49  4:16  Viking  
  51  4:17  SCV  
  51  4:18  SCV  
  53  4:28  Command Center  
  53  4:33  SCV, Marine  
  53  4:34  SCV  
  56  4:39  Supply Depot  
  56  4:43  Widow Mine x2  
  60  4:46  SCV x2  
  60  4:51  Starport Reactor  
  62  4:56  Barracks  
  62  4:58  Barracks  
  62  5:00  SCV x2, Marine  
  65  5:12  SCV x2  
  57  5:21  Marine  
  57  5:23  Widow Mine x2  
  57  5:24  SCV x2  
  58  5:28  Barracks  
  58  5:34  Refinery  
  58  5:36  SCV x2, Refinery  
  58  5:37  Medivac, Engineering Bay x2  
  58  5:39  Marine  
  63  5:47  Barracks Reactor  
  63  5:49  Barracks Tech Lab  
  63  5:51  Combat Shield  
  63  5:55  Barracks Reactor  
  63  5:56  Orbital Command  
  63  5:57  Marine  
  63  6:03  Supply Depot x2  
  64  6:04  Supply Depot, Widow Mine  
  64  6:05  Widow Mine  
  68  6:11  Medivac  
  68  6:12  Medivac  
  68  6:15  Marine  
  73  6:19  SCV  
  73  6:20  Barracks Reactor  
  73  6:22  Barracks  
  74  6:26  Terran Infantry Weapons Level 1, Orbital Command  
  74  6:34  SCV x2  
  74  6:37  Terran Infantry Armor Level 1  
  76  6:48  Armory  
  76  6:57  Marine  
  76  6:58  Marine x6  
  83  7:05  Widow Mine x2  
  87  7:13  Barracks Reactor  
  87  7:14  Supply Depot  
  87  7:15  Marine x5  
  87  7:16  Marine x2  
  94  7:26  Widow Mine  
  96  7:33  Marine x4  
  99  7:48  Marine x3  
  99  7:51  Marine x2  
  99  7:59  Marine x3  
  100  8:06  SCV  
  101  8:16  SCV x2  
  101  8:18  SCV  
  104  8:20  Marine x2  
  104  8:21  Command Center  
  104  8:22  Supply Depot  
  104  8:23  Supply Depot  
  104  8:28  SCV  
  104  8:32  SCV x2  
  107  8:38  Supply Depot, Marine  
  107  8:39  Supply Depot, Marine x7  
  107  8:40  SCV, Supply Depot, Marine  
  117  8:41  Supply Depot  
  117  8:43  Medivac x2  
  117  8:44  SCV x2, Widow Mine x2  
  117  8:48  Command Center  
  127  8:58  Marine x2  
  127  9:01  Marine x4  
  133  9:03  Marine x2  
  133  9:05  Widow Mine x2  
  133  9:09  Marine  
  128  9:12  SCV x2  
  128  9:16  Marine  
  131  9:17  Marine  
  131  9:18  Marine  
  131  9:19  Marine  
  131  9:23  Marine x2  
  136  9:25  Marine x2  
  136  9:27  Marine  
  136  9:29  Factory  
  136  9:31  Factory  
  139  9:33  Marine, Barracks x2  
  139  9:34  Terran Infantry Weapons Level 2  
  139  9:35  Marine  
  139  9:36  Marine  
  129  10:07  Marine x2  
  129  10:08  Marauder, Marine x2  
  129  10:12  Planetary Fortress  
  135  10:29  Marine  
  135  10:30  Marine  
  135  10:38  Marine  
  135  10:39  Marine x3  
  135  10:42  Marine x2  
  136  10:43  Marine  
  136  10:44  Widow Mine x2  
  136  10:45  Factory Reactor, Factory Tech Lab  
  136  10:46  Barracks Reactor  
  136  10:47  Marine, Barracks Tech Lab  
  136  11:05  Marine x3  
  136  11:06  Marine  
  136  11:07  Marine x3  
  136  11:11  Marine x2  
  145  11:13  SCV x2, Missile Turret  
  145  11:15  Missile Turret, Orbital Command  
  145  11:16  Terran Infantry Armor Level 2  
  147  11:18  Refinery  
  147  11:19  Widow Mine x2  
  147  11:20  Refinery x2  
  147  11:23  Command Center, Refinery, Marine x3  
  154  11:26  Medivac x2  
  154  11:29  Marauder  
  154  11:32  Starport  
  160  11:36  SCV  
  160  11:37  SCV  
  160  11:38  SCV  
  163  11:50  Marauder  
  163  11:51  Marine  
  163  11:52  Marine  
  163  11:53  Drilling Claws, Widow Mine x3  
  173  11:55  Medivac, Widow Mine x2  
  173  11:56  Medivac  
  135  12:04  Marine x3  
  135  12:05  Marine x2  
  135  12:07  Marine x3  
  138  12:12  Marauder  
  138  12:14  Widow Mine  
  142  12:25  Medivac  
  142  12:29  Marine x6  
  147  12:31  Starport Reactor  
  147  12:33  Marauder  
  142  12:38  Command Center  
  142  12:39  Marine x3  
  142  12:40  Supply Depot  
  145  12:44  Orbital Command  
  145  12:53  Marine x2  
  145  12:54  Widow Mine x4  
  145  12:55  Marauder, Widow Mine  
  145  12:56  Medivac x2  
  159  13:15  Widow Mine  
  159  13:16  Marauder, Widow Mine  
  159  13:17  Marine  
  159  13:18  Marine x4  
  159  13:19  Marine x2  
  172  13:20  Marine x2  
  172  13:21  Widow Mine x2  
  172  13:22  Widow Mine  
  180  13:33  Marine  
  179  13:35  Marine x2  
  179  13:37  Marauder, Widow Mine x2  
  187  13:42  Marine x3  
  187  13:44  Marine x2  
  187  13:45  Widow Mine x2  
  193  13:59  Marauder  
  186  14:20  Marauder  
  180  14:25  Marine x2  
  180  14:29  Marine x2  
  180  14:30  Widow Mine x2  
  180  14:31  Widow Mine x3  
  190  14:41  Marauder  
  190  14:44  Marine  
  190  14:45  Marine x3  
  195  14:51  Marine x5  
  195  14:52  Widow Mine  
  196  14:54  Marine  
  182  15:02  Marine x2  
  182  15:03  Marauder, Marine x2  
  184  15:08  Marine  
  184  15:09  Marine  
  184  15:13  Orbital Command  
  184  15:22  Marine x3  
  184  15:24  Marauder  
  171  15:49  SCV x4  
  188  15:50  SCV x2  
  188  15:57  Refinery x2  
Tags
 
Add a new tag
Caveats
  • Supply blocks, unpowered buildings, or Contaminate may cause inaccurate times.
  • Supply counts are checked every 10 seconds.